 Dungeon Crawl Stone Soup version 0.27.1-1-g398f81649c (webtiles) character file.

Game seed: 5695528018926942294

45582 Rickety the Imperceptible (level 14, -1/62 HPs)
             Began as a Spriggan Enchanter on Sept 20, 2021.
             Was a High Priest of Dithmenos.
             Slain by a dream sheep (4 damage)
             ... on level 6 of the Lair of Beasts.
             The game lasted 00:52:14 (21902 turns).

Rickety the Imperceptible (Spriggan Enchanter)     Turns: 21902, Time: 00:52:15

Health: -1/62      AC:  8    Str:  4    XL:     14   Next: 1%
Magic:  29/29      EV: 21    Int: 17    God:    Dithmenos [*****.]
Gold:   1058       SH: 11    Dex: 20    Spells: 10/34 levels left

rFire    + . .     SeeInvis +   a - +2 dagger
rCold    . . .     Faith    .   K - +0 buckler
rNeg     . . .     Spirit   .   T - +0 steam dragon scales
rPois    .         Reflect  +   D - +2 hat
rElec    .         Harm     .   r - +0 cloak
rCorr    .         Rampage  .   (gloves unavailable)
Will     ++...                  (boots unavailable) Stlth ***+++++++
                                S - amulet of reflection
HPRegen  0.20/turn              l - ring of flight
MPRegen  0.21/turn              Q - ring of protection from fire

@: flying, wreathed by umbra, studying Transmutations, very quick
A: very small, no large weapons, unfitting armour, see invisible, speed 3
a: Renounce Religion, Shadow Step, Shadow Form


You were on level 6 of the Lair of Beasts.
You worshipped Dithmenos.
Dithmenos was extremely pleased with you.
You visited 3 branches of the dungeon, and saw 16 of its levels.

You collected 1058 gold pieces.

Inventory:

Hand Weapons
 a - a +2 dagger (weapon)
 b - a +4 short sword of venom
Missiles
 c - 64 poisoned darts (quivered)
 y - 5 atropa-tipped darts
 F - 3 throwing nets
Armour
 r - a +0 cloak (worn)
 C - +0 acid dragon scales
 D - a +2 hat (worn)
 H - a +0 robe
 K - a +0 buckler (worn)
 O - the +0 robe "Joceloga" {rF+ rN+ MP+9 Str+4}
   (You found it on level 6 of the Lair of Beasts)

   Str:       It affects your strength (+4).
   rF:        It protects you from fire.
   rN:        It protects you from negative energy.
   MP:        It affects your magic capacity (+9).
 T - +0 steam dragon scales (worn)
Jewellery
 g - a ring of ice
 k - an amulet of the acrobat
 l - a ring of flight (left hand)
 Q - a ring of protection from fire (right hand)
 S - an amulet of reflection (around neck)
 Y - a +6 ring of strength
Wands
 x - a wand of acid (31)
 A - a wand of flame (27)
 B - a wand of iceblast (27)
 E - a wand of digging (7)
 P - a wand of paralysis (29)
 U - a wand of polymorph (11)
Scrolls
 e - a scroll of identify
 j - a scroll of magic mapping {unknown}
 m - 4 scrolls of teleportation
 o - a scroll of holy word {unknown}
 p - 3 scrolls of fog
 s - a scroll of vulnerability
 u - a scroll of fear {unknown}
 v - a scroll of enchant weapon
 w - a scroll of brand weapon {unknown}
 I - 2 scrolls of torment
 J - 2 scrolls of amnesia
 L - a scroll of enchant armour {unknown}
 W - a scroll of acquirement {unknown}
 X - a scroll of immolation {unknown}
Potions
 d - 2 potions of haste
 f - a potion of flight
 h - 2 potions of invisibility
 i - 2 potions of brilliance
 n - 2 potions of magic
 q - a potion of ambrosia {unknown}
 t - 4 potions of heal wounds {unknown}
 z - 2 potions of attraction
 G - 4 potions of curing
 M - a potion of might {unknown}
 N - a potion of mutation {unknown}
 R - a potion of berserk rage {unknown}
Miscellaneous
 V - a phial of floods


   Skills:
 + Level 1.9 Fighting
 + Level 5.5 Short Blades
 - Level 2.0 Throwing
 + Level 6.5 Dodging
 * Level 21.2 Stealth
 + Level 1.7 Shields
 + Level 10.5 Spellcasting
 - Level 2.0 Conjurations
 + Level 10.8 Hexes
 - Level 2.0 Translocations
 - Level 1.1 Ice Magic
 - Level 2.0 Air Magic
 - Level 2.0 Earth Magic
 * Level 6.5 Poison Magic
 * Level 6.9 Invocations
 - Level 10.0 Evocations


You had 10 spell levels left.
You knew the following spells:

 Your Spells              Type           Power      Damage    Failure   Level
a - Corona                Hex            50%        N/A       1%          1
b - Ensorcelled Hibernat  Hex/Ice        58%        N/A       1%          2
c - Confusing Touch       Hex            45%        N/A       1%          3
d - Dazzling Flash        Conj/Hex       60%        N/A       2%          3
l - Leda's Liquefaction   Hex/Erth       15%        N/A       9%          4
m - Mephitic Cloud        Conj/Pois/Air  20%        N/A       9%          3
t - Tukima's Dance        Hex            45%        N/A       1%          3
x - Olgreb's Toxic Radia  Pois           31%        N/A       8%          4
y - Apportation           Tloc           30%        N/A       5%          1

Your spell library contained the following spells:

 Spells                   Type           Power      Damage    Failure   Level
 Portal Projectile        Hex/Tloc       60%        N/A       2%          3
 Sting                    Tmut/Pois      80%        1d7       3%          1
 Poisonous Vapours        Pois/Air       46%        N/A       3%          2
 Magic Dart               Conj           60%        1d6       5%          1
 Sandblast                Erth           30%        2d9       5%          1
 Animate Skeleton         Necr           16%        N/A       12%         1
 Pain                     Necr           32%        1d5       12%         1
 Passwall                 Tmut/Erth      10%        N/A       12%         2
 Call Imp                 Summ           8%         N/A       19%         2
 Call Canine Familiar     Summ           8%         N/A       34%         3
 Vampiric Draining        Necr           4%         2d6       34%         3
 Lee's Rapid Deconstruct  Erth           7%         3d8*      82%         5


Dungeon Overview and Level Annotations

Branches:
Dungeon (9/15)             Temple (1/1) D:7            Lair (6/6) D:9
 Shoals (0/4) Lair:4       Spider (0/4) Lair:2        Slime (0/5) Lair:6
    Orc: D:9-12

Altars:
Ashenzari
Cheibriados
Dithmenos
Elyvilon
Fedhas
Gozag
Hepliaklqana
Kikubaaqudgha
Makhleb
Nemelex Xobeh
Okawaru
Qazlal
Ru
Sif Muna
Trog
Uskayaw
Vehumet
Wu Jian
Xom
Yredelemnul
Zin
The Shining One
Jiyva

Shops:
D:8 =

Annotations:
D:9 exclusion: statue


Innate Abilities, Weirdness & Mutations

You are very small and have problems with some larger weapons.
You are too small for most types of armour.
You have supernaturally acute eyesight. (SInv)
You cover ground extremely quickly. (Speed+++)


Message History

The dream sheep bites the bush.
The dream sheep bleats!
The dream sheep bleats! x2
You block the dream sheep's attack.
The dream sheep ruffle their wool and motes of dream dust sparkle, to no effect.
The black mamba closely misses you.
The dream sheep shake their wool and sparkle.
You feel drowsy...
You fall asleep.
The black mamba misses you. The black mamba barely misses you.
The dream sheep barely misses you. The black mamba closely misses you.
You wake up.
You block the dream sheep's attack.
The catoblepas bellows!
You hit the fungus.
The fungus begins to die.
The fungus is lightly damaged.
You block the black mamba's attack.
The blink frog blinks!
You block the black mamba's attack.
Unknown command.
The dream sheep bites the fungus.
The dream sheep are wreathed in dream dust.
You feel drowsy...
You fall asleep.
The dream sheep bites the fungus!
A nearby fungus withers and dies.
The black mamba completely misses you. The black mamba bites you!
You wake up.
* * * LOW HITPOINT WARNING * * *
You see here a komodo dragon corpse.
The black mamba completely misses you. You block the black mamba's attack.
The dream sheep shake their wool and sparkle.
You feel drowsy...
You fall asleep.
The black mamba completely misses you.
The blink frog blinks!
The black mamba barely misses you. The black mamba misses you.
The dream sheep completely misses you. The black mamba closely misses you.
The black mamba misses you. The dream sheep closely misses you.
The black mamba misses you. The dream sheep barely misses you.
The black mamba closely misses you. The black mamba completely misses you.
The dream sheep bites you!
You wake up.
* * * LOW HITPOINT WARNING * * *
The dream sheep bites you.
You die...

#....# ##########....## ##.###
#####.#####........#
#...######..##.##..#.......##
##..###.##.............>.....#P#
#....#.#.#.......#†Y..._....P...
#.#....##...##YY.Y#.............
###.......P.P##YY###....#.......
##..#....P###SY.########......
#######.####@YF.# ####...
####.#.#### ... #....# #..
##.### ..# #<# . #.P....PP
#........ ..##....# ### ##...


You could see a catoblepas, a black mamba, a blink frog and 6 dream sheep.

Vanquished Creatures
  A fire dragon (Lair:4)
  Harold (D:8)
  2 boulder beetles
  5 hydras
  2 two-headed ogres
  A lindwurm (Lair:4)
  Maurice (D:9)
  3 merfolk sirens (Lair:4)
  21 elephants
  3 black mambas
  A torpor snail (Lair:1)
  12 cane toads
  17 rime drakes
  16 komodo dragons
  A hornet (D:7)
  A merfolk (Lair:4)
  5 polar bears
  15 blink frogs
  Prince Ribbit (D:8)
  31 yaks
  4 wyverns
  6 basilisks
  5 steam dragons
  2 vampire mosquitoes (D:9)
  2 acid dragons
  13 water moccasins
  Duvessa (D:7)
  2 sky beasts
  An ice beast (D:8)
  4 black bears
  2 necrophages
  An ogre (D:3)
  3 wolves (Lair:1)
  A centaur (D:7)
  A phantom (D:4)
  Blork the orc (D:5)
  10 bullfrogs
  A wyvern zombie (D:8)
  2 scorpions
  2 wyvern skeletons
  Dowan (D:7)
  8 killer bees
  3 wights (D:9)
  3 electric eels
  3 jellies
  2 centaur zombies
  A hound (D:5)
  2 orc priests
  A bullfrog skeleton (D:6)
  4 iguanas
  5 hell rats (Lair:2)
  3 orc wizards
  A killer bee zombie (D:6)
  2 howler monkey skeletons
  4 adders
  A shadow imp (D:5)
  2 adder skeletons (D:4)
  11 orcs
  5 ball pythons
  12 endoplasms
  2 giant cockroaches
  5 goblins
  6 hobgoblins
  2 quokkas
  2 bats
  7 frilled lizards (D:5)
  7 kobolds
  3 rats
312 creatures vanquished.

Vanquished Creatures (collateral kills)
  2 orcs
2 creatures vanquished.

Vanquished Creatures (others)
  6 dancing weapons
  56 fungi
  36 plants
  9 toadstools (D:2)
  13 withered plants (Lair:6)
120 creatures vanquished.

Grand Total: 434 creatures vanquished

Notes
Turn   | Place    | Note
-------+----------+-------------------------------------------
     0 | D:1      | Rickety the Spriggan Enchanter began the quest for the Orb.
     0 | D:1      | Reached XP level 1. HP: 9/9 MP: 5/5
     6 | D:1      | Noticed a lindwurm
     6 | D:1      | Noticed an anaconda
     6 | D:1      | Noticed a scorpion
     7 | D:1      | Noticed a polar bear
   654 | D:1      | Reached XP level 2. HP: 7/13 MP: 4/6
   657 | D:1      | Learned a level 2 spell: Ensorcelled Hibernation
  1584 | D:2      | Found a snail-covered altar of Cheibriados.
  1991 | D:2      | Reached skill level 5 in Stealth
  1991 | D:2      | Reached XP level 3. HP: 16/16 MP: 8/8
  1995 | D:2      | Learned a level 3 spell: Confusing Touch
  2164 | D:2      | Reached skill level 1 in Throwing
  2164 | D:2      | Reached XP level 4. HP: 10/21 MP: 4/9
  2210 | D:2      | Reached skill level 6 in Stealth
  2985 | D:3      | Found a shimmering blue altar of Sif Muna.
  2990 | D:3      | Reached XP level 5. HP: 24/24 MP: 10/10
  2994 | D:3      | Learned a level 3 spell: Tukima's Dance
  3038 | D:3      | Found a faded altar of an unknown god.
  3048 | D:3      | Got Plato's Incunabulum of the Voyage
  3307 | D:3      | Noticed an ogre
  3775 | D:3      | Reached skill level 1 in Ice Magic
  3924 | D:3      | Found a hide-covered altar of Uskayaw.
  3924 | D:3      | Found a bloodstained altar of Trog.
  4419 | D:3      | Killed an ogre
  4420 | D:3      | Reached skill level 7 in Stealth
  4638 | D:3      | Reached XP level 6. HP: 28/28 MP: 7/12
  4649 | D:3      | Learned a level 3 spell: Dazzling Flash
  5014 | D:4      | Reached skill level 8 in Stealth
  5206 | D:4      | Learned a level 1 spell: Apportation
  5715 | D:5      | Entered Level 5 of the Dungeon
  5755 | D:5      | Noticed Blork the orc
  5902 | D:5      | Reached XP level 7. HP: 28/32 MP: 10/14
  5981 | D:5      | Noticed a two-headed ogre
  5997 | D:5      | Reached skill level 1 in Translocations
  5999 | D:5      | Reached skill level 9 in Stealth
  6206 | D:5      | Killed a two-headed ogre
  6207 | D:5      | Reached skill level 11 in Stealth
  6207 | D:5      | Reached skill level 5 in Spellcasting
  6207 | D:5      | Reached skill level 5 in Hexes
  6207 | D:5      | Reached XP level 8. HP: 33/36 MP: 0/16
  6490 | D:5      | Killed Blork the orc
  6491 | D:5      | Reached skill level 12 in Stealth
  7999 | D:7      | Noticed a hornet
  8004 | D:7      | Killed a hornet
  8005 | D:7      | Reached skill level 1 in Fighting
  8005 | D:7      | Reached skill level 13 in Stealth
  8058 | D:7      | Reached XP level 9. HP: 41/41 MP: 18/18
  8063 | D:7      | Learned a level 4 spell: Olgreb's Toxic Radiance
  8345 | D:7      | Noticed Dowan
  8349 | D:7      | Noticed Duvessa
  8553 | D:7      | Found a staircase to the Ecumenical Temple.
  8559 | Temple   | Entered the Ecumenical Temple
  8601 | Temple   | Became a worshipper of Dithmenos the Shadowed
  8758 | D:7      | Identified the +7 ring mail "Yrphous" {Fly Str-5 Int+8
                  | Stlth+}
  8843 | D:7      | Reached skill level 1 in Poison Magic
  9126 | D:7      | Killed Dowan
  9306 | D:7      | Killed Duvessa
  9311 | D:8      | Noticed Prince Ribbit
  9314 | D:8      | Noticed a two-headed ogre
  9535 | D:8      | Reached skill level 14 in Stealth
  9638 | D:8      | Found a hazy altar of Hepliaklqana.
  9922 | D:8      | Found Ric Udei's Jewellery Shoppe.
  9938 | D:8      | Reached skill level 1 in Evocations
  9962 | D:8      | Killed Prince Ribbit
  9963 | D:8      | Reached skill level 1 in Invocations
 10359 | D:8      | Found a white marble altar of Elyvilon.
 10612 | D:8      | Reached skill level 5 in Dodging
 10615 | D:8      | Killed a two-headed ogre
 10665 | D:8      | Reached XP level 10. HP: 46/46 MP: 21/21
 10733 | D:8      | Identified the +0 chain mail of the Sturgeon {Regen+ Str+2
                  | Int+2}
 11168 | D:9      | Noticed Maurice
 11171 | D:9      | Killed Maurice
 11172 | D:9      | Reached skill level 15 in Stealth
 11201 | D:9      | Noticed Harold
 11515 | D:8      | Killed Harold
 11609 | D:9      | Found a radiant altar of Vehumet.
 11612 | D:9      | Reached * piety under Dithmenos
 12168 | D:9      | Found a staircase to the Lair.
 12396 | D:9      | Reached skill level 16 in Stealth
 12668 | D:9      | Reached XP level 11. HP: 50/50 MP: 20/23
 12670 | Lair:1   | Entered Level 1 of the Lair of Beasts
 12867 | Lair:1   | Reached skill level 5 in Evocations
 12875 | Lair:1   | Reached ** piety under Dithmenos
 13523 | Lair:1   | Reached skill level 17 in Stealth
 14037 | Lair:2   | Noticed a four-headed hydra
 14139 | Lair:1   | Killed a four-headed hydra
 14140 | Lair:1   | Reached skill level 5 in Short Blades
 14418 | Lair:1   | Reached skill level 5 in Poison Magic
 14418 | Lair:1   | Reached skill level 5 in Invocations
 14610 | Lair:2   | Learned a level 4 spell: Leda's Liquefaction
 15003 | Lair:2   | Noticed a seven-headed hydra
 15015 | Lair:2   | Killed a seven-headed hydra
 15181 | Lair:2   | Reached XP level 12. HP: 54/54 MP: 22/25
 15198 | Lair:2   | Found a hole to the Spider Nest.
 15299 | Lair:2   | Learned a level 3 spell: Mephitic Cloud
 16264 | Lair:3   | Reached skill level 18 in Stealth
 16324 | Lair:3   | Noticed a boulder beetle
 16327 | Lair:3   | Killed a boulder beetle
 16328 | Lair:3   | Reached skill level 1 in Earth Magic
 16357 | Lair:3   | Reached *** piety under Dithmenos
 16783 | Lair:3   | Reached skill level 19 in Stealth
 17001 | Lair:3   | Reached skill level 1 in Shields
 17026 | Lair:3   | Reached skill level 10 in Hexes
 17567 | Lair:4   | Reached skill level 1 in Air Magic
 17678 | Lair:4   | Found a staircase to the Shoals.
 17687 | Lair:4   | Reached XP level 13. HP: 58/58 MP: 27/27
 18749 | Lair:4   | Identified the +6 rapier "Nuage" {holy, Contam *Noise Dex+8
                  | Stlth+}
 18775 | Lair:4   | Reached **** piety under Dithmenos
 18896 | Lair:4   | Reached skill level 20 in Stealth
 19174 | Lair:4   | Reached skill level 10 in Spellcasting
 19467 | Lair:4   | Noticed a fire dragon
 19471 | Lair:4   | Killed a fire dragon
 20073 | Lair:5   | Reached skill level 1 in Conjurations
 20577 | Lair:5   | Found an opulent altar of Gozag.
 20658 | Lair:5   | Reached skill level 21 in Stealth
 21436 | Lair:6   | Entered Level 6 of the Lair of Beasts
 21751 | Lair:6   | Found a viscous altar of Jiyva.
 21751 | Lair:6   | Found a staircase to the Slime Pits.
 21768 | Lair:6   | Reached ***** piety under Dithmenos
 21769 | Lair:6   | Reached XP level 14. HP: 60/62 MP: 26/29
 21837 | Lair:6   | Reached skill level 10 in Evocations
 21868 | Lair:6   | Identified the +0 robe "Joceloga" {rF+ rN+ MP+9 Str+4}
 21902 | Lair:6   | HP: 3/62 [dream sheep (12)]
 21902 | Lair:6   | Slain by a dream sheep

Illustrated notes

Levels and vault maps discovered:
D:1:      onia_arrival_zoo_common, layout_loops_ring, serial_bayou_lake_a
D:2:      cheibrodos_fertilizer, layout_basic, basic_altar, minmay_crystal_room
D:3:      layout_basic, kennysheep_orc_sif_temple,
          gammafunk_temple_overflow_pools, shapermc_ecumenical_altar_rom_forum,
          serial_corexii_hall, corexii_hall_statues_x,
          chequers_hall_statues_wall_a, palyth_stone_intersect
D:4:      layout_basic, st_stairs_7, kennysheep_generic_room_15
D:5:      layout_basic, minmay_lizard_king, uniq_blork_the_orc
D:6:      layout_layer_cave
D:7:      layout_cave_pools, minmay_temple_entry_hall,
          kennysheep_generic_room_6, uniq_duvessa
D:8:      layout_gridville, worldfamousw_hep_ancestral_shrine, elyvilon_altar_5,
          serial_shops, shop, uniq_prince_ribbit1
D:9:      layout_basic, vehumet_statue, david_lair_shrubbed,
          minmay_misc_feat_chi, uniq_maurice, uniq_harold
Temple:   kb_temple_of_zot
Lair:1:   layout_gridlike, enter_volcano_1, minivault_23
Lair:2:   layout_gridlike, spider_nest_entry_web_field
Lair:3:   layout_loops_ring, ldierk_geyser, beast_lair_carwin_6
Lair:4:   layout_roguey, elwin_shoals_entry_stream, serial_bayou_pond_d,
          minivault_24, bobbens_dragon_lair_wall
Lair:5:   layout_small_grid, basic_altar, serial_bayou_pond_a,
          chequers_serial_rivers_large_b, serial_bayou_shore_a,
          grunt_megastairs_3, infiniplex_staircase_pool
Lair:6:   due_jungle_book, layout_loops_ring, slime_altar_1,
          serial_bayou_shore_b, minmay_lair_oklob_chamber

Skill      XL: |  1  2  3  4  5  6  7  8  9 10 11 12 13 14 |
---------------+-------------------------------------------+-----
Dodging        | 3 4 5 6 |  6.5
Hexes          | 4 5 6 7 8 9 10 | 10.8
Stealth        | 5 6 7 8 11 13 14 16 17 19 21 | 21.2
Throwing       | 1 2 |  2.0
Spellcasting   | 3 4 5 6 7 8 9 10 | 10.5
Ice Magic      | 1 |  1.1
Translocations | 2 |  2.0
Short Blades   | 2 3 4 5 |  5.5
Fighting       | 1 |  1.9
Poison Magic   | 2 4 5 6 |  6.5
Evocations     | 3 4 6 8 9 10 | 10.0
Invocations    | 2 3 5 6 |  6.9
Earth Magic    | 2 |  2.0
Shields        | 1 |  1.7
Air Magic      | 1 2 |  2.0
Conjurations   | 2 |  2.0

Action                   |  1- 3 |  4- 6 |  7- 9 | 10-12 | 13-15 || total
-------------------------+-------+-------+-------+-------+-------++-------
Melee: Dagger            |    65 |    97 |   162 |   215 |   194 ||   733
       Short sword       |       |       |       |     1 |    29 ||    30
Throw: Dart              |     3 |       |       |       |       ||     3
 Cast: Corona            |     7 |       |       |       |       ||     7
       Ensorcelled Hiber |    16 |    25 |    58 |   217 |    69 ||   385
       Tukima's Dance    |       |     6 |     5 |     9 |       ||    20
       Confusing Touch   |       |     5 |    14 |    10 |    19 ||    48
       Dazzling Flash    |       |       |       |     6 |    19 ||    25
Evoke: Wand              |       |       |       |       |     5 ||     5
  Use: Scroll            |       |       |       |    12 |     2 ||    14
 Stab: Sleeping          |    13 |    24 |    37 |   113 |    47 ||   234
       Held in net/web   |       |     1 |       |       |       ||     1
       Confused          |       |     6 |    12 |    10 |    19 ||    47
       Distracted        |       |     1 |     1 |     1 |     1 ||     4
       Invisible         |       |       |       |     4 |    12 ||    16
Armor: Robe              |     5 |     2 |    16 |    16 |     7 ||    46
       Steam dragon scal |       |       |       |       |     7 ||     7
Dodge: Dodged            |    66 |    51 |   110 |   231 |   203 ||   661
Block: Buckler           |       |       |       |    41 |   143 ||   184
       Reflection        |       |       |       |       |     2 ||     2
